 Dungeon Crawl Stone Soup version 0.30.1-9-gdf580d7c3d (webtiles) character file.

Game seed: 1843456853062088192

2261 Amplified the Covered (level 9, -3/70 (80) HPs)
             Began as an Armataur Gladiator on Sept 30, 2023.
             Was an Initiate of the Shining One.
             Slain by an orc knight
             ... wielding a +0 halberd
              (20 damage)
             ... in a bailey.
             The game lasted 00:08:12 (5524 turns).

Amplified the Covered (Armataur Gladiator)          Turns: 5524, Time: 00:08:12

HP:   -3/70 (80)    AC: 16    Str: 21    XL:     9   Next: 15%
MP:   10/10         EV: 10    Int: 12    God:    the Shining One [......]
Gold: 282           SH:  0    Dex: 11    Spells: 8/8 levels left

rFire   . . .        a - +1 war axe
rCold   . . .        (no shield)
rNeg    . . .        v - +0 acid dragon scales
rPois   .            c - +1 helmet
rElec   .            j - +0 cloak
rCorr   +            (no gloves)
SInv    .            (no barding)
Will    .....        (no amulet)
Stlth   +            i - +4 ring of protection
HPRegen 0.31/turn    m - ring of protection from fire
MPRegen 0.12/turn

%: roll
@: about to teleport, glowing, heavily drained
A: large, rugged brown scales 3, deformed body, armoured tail, roll, long
tongue, awkward tongue, shaggy fur 1, wild magic 1, heat vulnerability 1,
MP-powered wands
a: Renounce Religion


You were in a bailey.
You worshipped the Shining One.
The Shining One was noncommittal.
You visited 2 branches of the dungeon, and saw 8 of its levels.
You also visited: Bailey.

You collected 282 gold pieces.

Inventory:

Hand Weapons
 a - a +1 war axe (weapon)
 u - a +2 halberd of electrocution
Missiles
 d - 3 throwing nets (quivered)
 e - a javelin
Armour
 c - a +1 helmet (worn)
 j - a +0 cloak (worn)
 k - a +0 chain mail
 v - +0 acid dragon scales (worn)
Jewellery
 b - a ring of resist corrosion
 g - a ring of willpower
 i - a +4 ring of protection (left hand)
 m - a ring of protection from fire (right hand)
Wands
 n - a wand of polymorph (4)
Scrolls
 l - 3 scrolls of vulnerability
 p - a scroll of noise {unknown}
 t - a scroll of blinking
Potions
 h - 2 potions of magic
 o - a potion of flight
 q - 2 potions of haste
 r - a potion of brilliance
 s - a potion of might {unknown}
 w - a potion of heal wounds {unknown}


   Skills:
 * Level 6.1 Fighting
 * Level 5.9 Axes
 - Level 1.7 Throwing
 * Level 7.5 Armour
 + Level 4.1 Dodging
 * Level 1.3 Invocations


You had 8 spell levels left.
You didn't know any spells.
Your spell library contained the following spells:

 Spells                   Type           Power      Damage    Failure   Level
 Slow                     Hex            0%         N/A       47%         1
 Confusing Touch          Hex            0%         N/A       83%         3
 Vampiric Draining        Necr           0%         2d6       83%         3


Dungeon Overview and Level Annotations

Branches:
Dungeon (7/15)             Temple (1/1) D:6          Bailey (1/1)

Altars:
Ashenzari
Cheibriados
Elyvilon
Fedhas
Gozag
Hepliaklqana
Kikubaaqudgha
Nemelex Xobeh
Okawaru
Qazlal
Ru
Sif Muna
Trog
Vehumet
Xom
Yredelemnul
Zin
The Shining One

Annotations:
D:2 Sigmund
D:3 2 transporters, zen1337's ghost, amateur OpAE


Innate Abilities, Weirdness & Mutations

You are completely covered in rugged brown scales. (AC +3, +7% HP)
Armour fits poorly on your strangely shaped body.
You have a long armoured tail.
You roll when moving toward enemies. (Rampage)
Your long tongue fully drains potion bottles. (2x potion effects)
Your tongue gives you trouble enunciating. (1.5x scroll delay)
You are covered in fur. (AC +1)
Your spells are a little harder to cast, but a little more powerful.
You are vulnerable to heat. (rF-)
You expend magic power (3 MP) to strengthen your wands.


Message History

No target in view!
No target in view!
As you open the door, it creaks loudly!
There is an open door here.
As you open the door, it creaks loudly!
No target in view!
There is an open door here.
You open the door.
An orc knight and 3 gnolls come into view.
A gnoll is wielding a +4 halberd of draining.
A gnoll is wielding a +0 halberd of electrocution.
A gnoll is wielding a +2 halberd of draining.
The gnoll shouts!
The orc knight shouts!
The gnoll shouts!
Found seven items.
You roll towards the gnoll!
Found a golden potion, a scroll of acquirement and a potion of haste.
The orc knight hits you with a +0 halberd!!
The gnoll hits you with a +2 halberd of draining!
You feel drained. The gnoll barely misses you. The gnoll misses you.
You see here a potion of haste.
You are too injured to fight recklessly!
Unknown command.
Unknown command.
The orc knight attacks as you move away!
The orc knight closely misses you. The orc knight barely misses you.
The gnoll closely misses you.
There is an open door here.
There is an open door here.
There is an open door here.
Okay, then.
Aiming: Polymorph
Press: ? - help, Shift-Dir - straight line, f - orc knight
Aim: an orc knight, wielding a +0 halberd (will become a guardian serpent, a glowing shapeshifter, or a swamp dragon, chance to affect: 35%)
Okay, then.
Unknown command.
Okay, then.
As you slowly read the scroll of teleportation, it crumbles to dust.
You feel strangely unstable.
The orc knight hits you from afar with a +0 halberd!!
* * * LOW HITPOINT WARNING * * *
The orc knight hits you from afar with a +0 halberd!!
You die...

#)###)###÷#.## ##)#
### ### ##### ###
#'# #g#.###)###.#
+##+##'###'##'##'##
#!.!..# ##.....##
#.!.!.# #.....###
+!.⌠g!+ +..⌠..'.#
#.!.!.# #.....###
#?.!g!## ##@....##
+##+##'###'##'##'##
##.go###)###.#
##### ### ###


You could see an orc knight and a gnoll.

Vanquished Creatures
  A rime drake (D:6)
  A warg (D:5)
  An orc warrior (D:7)
  A black bear (D:3)
  A centaur (D:5)
  A phantom (D:4)
  A gnoll sergeant (D:6)
  3 scorpions
  13 wights
  A howler monkey (D:5)
  2 hounds (D:6)
  A jelly (D:7)
  An orc priest (D:5)
  A gnoll bouda (D:6)
  Jessica (D:2)
  An orc wizard (D:5)
  2 iguanas
  12 gnolls
  5 adders
  A shadow imp (D:5)
  3 white imps
  5 ufetubi
  A worm (D:4)
  5 dart slugs
  22 orcs
  4 bats
  9 endoplasms
  5 giant cockroaches
  11 goblins
  2 hobgoblins
  9 jackals
  6 kobolds
  5 ball pythons
  4 frilled lizards
  7 rats
149 creatures vanquished.

Notes
Turn   | Place    | Note
-------+----------+-------------------------------------------
     0 | D:1      | Amplified the Armataur Gladiator began the quest for the
                  | Orb.
     0 | D:1      | Reached XP level 1. HP: 18/18 MP: 1/1
   540 | D:1      | Reached XP level 2. HP: 25/25 MP: 2/2
   541 | D:1      | Reached skill level 1 in Armour
   556 | D:2      | Found a faded altar of an unknown god.
   561 | D:2      | Found a shimmering blue altar of Sif Muna.
   647 | D:2      | Noticed Jessica
   652 | D:2      | Noticed Sigmund
   818 | D:2      | Reached XP level 3. HP: 31/31 MP: 3/3
   857 | D:2      | Killed Jessica
   858 | D:2      | Reached skill level 2 in Armour
   895 | D:3      | Reached XP level 4. HP: 39/39 MP: 4/4
   911 | D:3      | Found an ancient bone altar of Kikubaaqudgha.
   911 | D:3      | Noticed a black bear
   920 | D:3      | Killed a black bear
   921 | D:3      | Reached skill level 3 in Armour
   921 | D:3      | Reached XP level 5. HP: 43/48 MP: 5/5
  1061 | D:3      | Noticed a phantom
  1178 | D:3      | Found a transporter.
  1181 | D:3      | Found a transporter.
  1182 | D:3      | Noticed zen1337's ghost (amateur OpAE)
  1544 | D:4      | Found a glowing silver altar of Zin.
  1746 | D:4      | Found a sparkling altar of Nemelex Xobeh.
  1747 | D:4      | Noticed a phantom
  1754 | D:4      | Killed a phantom
  1755 | D:4      | Reached XP level 6. HP: 54/54 MP: 6/6
  2296 | D:5      | Entered Level 5 of the Dungeon
  2432 | D:5      | Reached skill level 4 in Armour
  2472 | D:5      | an ogre changed into a warg
  2472 | D:5      | Noticed a warg
  2477 | D:5      | Killed a warg
  2478 | D:5      | Reached XP level 7. HP: 27/63 MP: 7/7
  2926 | D:5      | Found a blossoming altar of Fedhas.
  3139 | D:5      | Gained mutation: Your system is resistant to poisons.
                  | (rPois) [potion of mutation]
  3139 | D:5      | Gained mutation: You occasionally lose the ability to drink
                  | potions when taking damage. [potion of mutation]
  3139 | D:5      | Gained mutation: Your tail ends in a venomous barb. [potion
                  | of mutation]
  3462 | D:6      | Reached skill level 5 in Armour
  3776 | D:6      | Reached XP level 8. HP: 53/71 MP: 8/8
  3883 | D:6      | Reached skill level 5 in Fighting
  3928 | D:6      | Found a basalt altar of Yredelemnul.
  3938 | D:6      | Noticed Eustachio
  3946 | D:6      | Reached skill level 5 in Axes
  3946 | D:6      | Reached skill level 6 in Armour
  3949 | D:6      | Eustachio changed into Eustachio the rime drake
  3949 | D:6      | Noticed Eustachio
  3967 | D:6      | Killed Eustachio the rime drake
  4270 | D:6      | Found a staircase to the Ecumenical Temple.
  4287 | D:6      | Lost mutation: You occasionally lose the ability to drink
                  | potions when taking damage. [potion of mutation]
  4287 | D:6      | Lost mutation: Your tail ends in a venomous barb. [potion
                  | of mutation]
  4287 | D:6      | Lost mutation: Your system is resistant to poisons. (rPois)
                  | [potion of mutation]
  4287 | D:6      | Gained mutation: Your tail ends in a venomous barb. [potion
                  | of mutation]
  4287 | D:6      | Gained mutation: Your spells are a little harder to cast,
                  | but a little more powerful. [potion of mutation]
  4287 | D:6      | Gained mutation: You are covered in fur. (AC +1) [potion of
                  | mutation]
  4287 | D:6      | Gained mutation: You are vulnerable to heat. (rF-) [potion
                  | of mutation]
  4287 | D:6      | Lost mutation: Your tail ends in a venomous barb. [potion
                  | of mutation]
  4287 | D:6      | Gained mutation: You expend magic power (3 MP) to
                  | strengthen your wands. [potion of mutation]
  4588 | D:6      | Reached skill level 7 in Armour
  4829 | D:7      | Noticed Maggie
  4830 | D:7      | Maggie changed into Maggie the scorpion
  4830 | D:7      | Noticed Maggie
  4835 | D:7      | Killed Maggie the scorpion
  4934 | Temple   | Entered the Ecumenical Temple
  4979 | Temple   | Became a worshipper of the Shining One
  5095 | D:7      | Reached XP level 9. HP: 80/80 MP: 9/9
  5157 | D:7      | Reached skill level 1 in Invocations
  5192 | D:7      | Found a flagged portal.
  5200 | Bailey   | Entered a bailey
  5516 | Bailey   | Noticed an orc knight
  5524 | Bailey   | Slain by an orc knight

Illustrated notes

Levels and vault maps discovered:
D:1:      nzn_arrival_settlement, layout_basic
D:2:      layout_rooms, ebering_ecumenical_altar_sacrificial, basic_altar,
          uniq_sigmund, uniq_jessica
D:3:      layout_basic, old_standard_altar, gammafunk_ghost_mausoleum
D:4:      layout_loops_corners, mainiacjoe_overflow_24_doors,
          mainiacjoe_overflow_cross_hatched
D:5:      layout_cave_pools, fedhas_bush_and_centaur_altar
D:6:      layout_basic, yredelemnul_altar_generic, minmay_temple_entry_waves,
          grunt_decor_cap, uniq_eustachio
D:7:      statuecave_lemuel, layout_rooms, enter_bailey_3, uniq_maggie
Temple:   dshaligram_water_room_temple
Bailey:   bailey_polearm_nasty_gnolls, bailey

Skill      XL: |  1  2  3  4  5  6  7  8  9 |
---------------+----------------------------+-----
Fighting       | 2 3 4 6 |  6.1
Armour         | 1 2 3 4 5 7 |  7.5
Axes           | 3 4 5 |  5.9
Dodging        | 3 4 |  4.1
Invocations    | 1 |  1.3
Throwing       | |  1.7

Action                     |  1- 3 |  4- 6 |  7- 9 || total
---------------------------+-------+-------+-------++-------
  Melee: War axe           |    43 |   158 |   252 ||   453
         Tailslap          |     6 |    13 |    43 ||    62
         Punch             |       |       |    10 ||    10
  Throw: Throwing net      |       |       |     5 ||     5
  Evoke: Wand              |       |     1 |     2 ||     3
    Use: Scroll            |     4 |     7 |     5 ||    16
         Potion            |     2 |     1 |     9 ||    12
   Stab: Sleeping          |       |     1 |       ||     1
         Held in net/web   |       |       |     2 ||     2
 Armour: Leather armour    |    31 |    57 |       ||    88
         Chain mail        |       |    48 |       ||    48
         Acid dragon scale |       |    50 |   121 ||   171
  Dodge: Dodged            |    19 |   131 |   135 ||   285
